 Dungeon Crawl Stone Soup version 0.29-a0-472-ge5599a681e (webtiles) character file.

Game seed: 16472777341006430407

708 siradein the Cudgeller (level 7, 0/71 HPs)
             Began as a Troll Berserker on May 23, 2022.
             Was a Believer of Trog.
             Slain by a hound (4 damage)
             ... on level 5 of the Dungeon.
             The game lasted 00:08:38 (3589 turns).

siradein the Cudgeller (Troll Berserker)            Turns: 3589, Time: 00:08:39

Health: 0/71       AC:  4    Str: 28    XL:     7   Next: 40%
Magic:  6/6        EV: 10    Int:  3    God:    Trog [**....]
Gold:   234        SH:  0    Dex:  9    Spells: 6/6 levels left

rFire   . . .      SeeInvis .   C - +0 giant spiked club
rCold   + . .      Faith    +   (shield currently unavailable)
rNeg    + . .      Spirit   .   b - +0 animal skin
rPois   .          Reflect  .   (helmet restricted)
rElec   .          Harm     .   (no cloak)
rCorr   .          Rampage  .   (gloves unavailable)
Will    .....                   (boots unavailable)
Stlth   +.........              o - amulet of faith
HPRegen 1.01/turn               v - ring of protection from cold
MPRegen 0.10/turn               y - ring of positive energy

@: on berserk cooldown, slowed, very slow
A: large, unfitting armour, claws 3, regeneration 1, shaggy fur 1, tough skin 1
a: Renounce Religion, Berserk, Trog's Hand


You were on level 5 of the Dungeon.
You worshipped Trog.
Trog was pleased with you.
You visited 1 branch of the dungeon, and saw 5 of its levels.

You collected 234 gold pieces.

Inventory:

Hand Weapons
 r - a +0 flail
 w - a +1 mace of holy wrath
 C - a +0 giant spiked club (weapon)
Missiles
 i - 3 large rocks
 t - a throwing net (quivered)
 x - 11 boomerangs
Armour
 b - a +0 animal skin (worn)
Jewellery
 a - an amulet of regeneration
 o - an amulet of faith (around neck)
 v - a ring of protection from cold (left claw)
 y - a ring of positive energy (right claw)
Wands
 d - a wand of charming (6)
 q - a wand of iceblast (7)
 z - a wand of digging (7)
Scrolls
 c - 3 scrolls of teleportation
 e - 3 scrolls of poison
 f - a scroll of silence
 g - a scroll of enchant armour {unknown}
 j - a scroll of brand weapon {unknown}
 k - 2 scrolls of fog {unknown}
 l - 2 scrolls of enchant weapon {unknown}
 s - 4 scrolls of fear
 B - a scroll of summoning {unknown}
Potions
 h - 2 potions of heal wounds
 m - 2 potions of magic {unknown}
 n - 2 potions of curing
 p - a potion of cancellation {unknown}
 u - a potion of brilliance {unknown}
 A - a potion of berserk rage {unknown}


   Skills:
 + Level 4.6 Fighting
 + Level 5.1 Maces & Flails
 + Level 4.6 Dodging


You had 6 spell levels left.
You didn't know any spells.
Your spell library was empty.

Dungeon Overview and Level Annotations

Branches:
Dungeon (5/15)
 Temple: D:4-7

Altars:

Shops:
D:3 =


Innate Abilities, Weirdness & Mutations

You are too large for most types of armour.
You have claws for hands.
Your natural rate of healing is unusually fast.
You are covered in fur. (AC +1)
You have tough skin. (AC +1)


Message History

The black bear claws you.
* * * LOW HITPOINT WARNING * * *
Unknown command.
Unknown command.
You thump the black bear!
You feel the power of Trog in you as your rage grows.
You kill the black bear!
Trog accepts your kill. The hound closely misses you. The hound bites you.
* * * LOW HITPOINT WARNING * * *
Your Maces & Flails skill increases to level 5!
Unknown command.
Unknown command.
Unknown command.
You barely miss the hound. The hound closely misses you.
You completely miss the hound. The hound bites you but does no damage.
You closely miss the hound. The hound bites you.
* * * LOW HITPOINT WARNING * * *
The hound bites you.
* * * LOW HITPOINT WARNING * * *
You barely miss the hound. The hound bites you.
* * * LOW HITPOINT WARNING * * *
The hound misses you.
You closely miss the hound. The hound misses you.
You barely miss the hound. The hound completely misses you.
The hound closely misses you.
You closely miss the hound. The hound barely misses you.
You closely miss the hound.
You are no longer berserk.
You are exhausted.
You feel yourself slow down. The hound closely misses you. The hound bites you.
* * * LOW HITPOINT WARNING * * *
Unknown command.
You barely miss the hound. The hound bites you.
* * * LOW HITPOINT WARNING * * *
The hound barely misses you. The hound closely misses you.
Unknown command.
Unknown command.
You closely miss the hound. The hound bites you.
You die...

#####
###...#
##.....#
##...#..#
##..###..##
##..##
##.@#
##..##
#.h†#
##..##
#....#
####..##
##<....
#...†.#
#......
###..##
#........
##.#
#....###.
#.## #.....
#####..#


You could see a hound.

Vanquished Creatures
  A water moccasin (D:5)
  A black bear (D:5)
  A phantom (D:4)
  A bullfrog (D:3)
  2 scorpions (D:4)
  2 jellies
  An iguana (D:4)
  An orc wizard (D:4)
  3 gnolls (D:3)
  2 adders
  A worm (D:2)
  2 dart slugs
  12 orcs
  5 endoplasms
  A giant cockroach (D:2)
  11 goblins
  6 hobgoblins
  4 jackals (D:1)
  4 quokkas
  2 ball pythons
  A bat (D:2)
  A frilled lizard (D:1)
  5 kobolds
  2 rats
72 creatures vanquished.

Vanquished Creatures (others)
  An orc wizard (D:4)
1 creature vanquished.

Grand Total: 73 creatures vanquished

Notes
Turn   | Place    | Note
-------+----------+-------------------------------------------
     0 | D:1      | siradein the Troll Berserker began the quest for the Orb.
     0 | D:1      | Reached XP level 1. HP: 22/22 MP: 0/0
    98 | D:1      | Found a faded altar of an unknown god.
   155 | D:1      | Reached XP level 2. HP: 29/29 MP: 1/1
   410 | D:1      | Reached skill level 3 in Maces & Flails
  1391 | D:3      | Reached XP level 3. HP: 36/36 MP: 2/2
  1559 | D:3      | Reached XP level 4. HP: 38/45 MP: 3/3
  1561 | D:3      | Reached ** piety under Trog
  1607 | D:3      | Found Arhybri's Jewellery Emporium.
  1612 | D:3      | Noticed a bullfrog
  1618 | D:3      | Killed a bullfrog
  1619 | D:3      | Reached XP level 5. HP: 47/53 MP: 4/4
  2329 | D:4      | Noticed a phantom
  2342 | D:4      | Killed a phantom
  2343 | D:4      | Reached skill level 4 in Maces & Flails
  2352 | D:4      | Reached XP level 6. HP: 61/62 MP: 5/5
  3302 | D:5      | Entered Level 5 of the Dungeon
  3311 | D:5      | Noticed a water moccasin
  3320 | D:5      | Killed a water moccasin
  3321 | D:5      | Reached XP level 7. HP: 71/71 MP: 6/6
  3520 | D:5      | Reached *** piety under Trog
  3580 | D:5      | Reached skill level 5 in Maces & Flails
  3587 | D:5      | HP: 3/71 [hound (5)]
  3589 | D:5      | Slain by a hound

Illustrated notes

Levels and vault maps discovered:
D:1:      wander_arrival_fairy_ring, layout_rooms,
          hellmonk_ecumenical_altar_zigzags, hangedman_glass_teeth,
          hangedman_decor_lopped, minmay_misc_feat_pillars,
          minmay_misc_feat_tiny
D:2:      layout_basic
D:3:      layout_basic, serial_shops, shop_statue
D:4:      layout_basic
D:5:      layout_layer_cave

Skill      XL: |  1  2  3  4  5  6  7 |
---------------+----------------------+-----
Maces & Flails | 3 4 5 |  5.1
Fighting       | 3 4 |  4.6
Dodging        | 3 4 |  4.6

Action                   |  1- 3 |  4- 6 |  7- 9 || total
-------------------------+-------+-------+-------++-------
Melee: Mace              |    88 |       |       ||    88
       Punch             |     1 |     1 |       ||     2
       Flail             |    29 |   133 |     3 ||   165
       Giant spiked club |       |       |    58 ||    58
Invok: Berserk           |     1 |     2 |     1 ||     4
  Use: Scroll            |     2 |     7 |       ||     9
Armor: Animal skin       |    51 |    25 |    41 ||   117
Dodge: Dodged            |    80 |    57 |    58 ||   195

Table legend: (Time is in decaauts)
 A = Elapsed time spent in this place.
 B = Non-inter-level travel time spent in this place.
 C = Inter-level travel time spent in this place.
 D = Time resting spent in this place.
 E = Time spent auto-exploring this place.
 F = Levels seen in this place.
 G = Mean time per level.
                   A        B        C        D        E       F      G
               +--------+--------+--------+--------+--------+-----+--------+
         Total |   3693 |   3605 |     88 |    134 |   2659 |   5 |  738.6 |
       Dungeon |   3693 |   3605 |     88 |    134 |   2659 |   5 |  738.6 |
               +--------+--------+--------+--------+--------+-----+--------+

Top non-repeatable levels by time:
     D:4: 1069 daAuts
     D:3: 899 daAuts
     D:2: 707 daAuts
     D:1: 694 daAuts
     D:5: 321 daAuts
